 Dungeon Crawl Stone Soup version 0.22.0-6-g71bd7aa (webtiles) character file.

34 Azzok the Firebug (level 3, -3/19 HPs)
             Began as a Gargoyle Fire Elementalist on Aug 14, 2018.
             Killed from afar by an orc wizard (7 damage)
             ... with a puff of frost
             ... on level 1 of the Dungeon.
             The game lasted 00:08:18 (1053 turns).

Azzok the Firebug (Gargoyle Fire Elementalist)      Turns: 1053, Time: 00:08:19

Health: -3/19      AC:  5    Str: 11    XL:     3   Next: 31%
Magic:  2/6        EV: 12    Int: 16    God:
Gold:   35         SH:  0    Dex: 10    Spells: 5/6 levels left

rFire    . . .     SeeInvis .   (no weapon)
rCold    . . .     Gourm    .   (no shield)
rNeg     + . .     Faith    .   a - +0 robe
rPois    ∞         Spirit   .   (no helmet)
rElec    +         Reflect  .   (no cloak)
rCorr    .         Harm     .   (no gloves)
MR       .....                  (no boots)
Stlth    ++........             (no amulet)
HPRegen  0.06/turn              (no ring)
MPRegen  0.10/turn              (no ring)

@: no status effects
A: negative energy resistance 1, electricity resistance, unbreathing,
petrification resistance, rot immunity, AC +3
a: no special abilities


You were on level 1 of the Dungeon.
You were very hungry.

You visited 1 branch of the dungeon, and saw 2 of its levels.

You collected 35 gold pieces.

Inventory:

Armour
 a - a +0 robe (worn)
Scrolls
 d - a scroll of magic mapping {unknown}
Potions
 e - a potion of curing {unknown}
Comestibles
 c - 2 rations


   Skills:
 - Level 1.5 Dodging
 - Level 2.1 Stealth
 - Level 2.0 Spellcasting
 + Level 2.5 Conjurations
 + Level 3.7 Fire Magic


You had 5 spell levels left.
You knew the following spells:

 Your Spells              Type           Power        Failure   Level  Hunger
a - Flame Tongue          Conj/Fire      ##...        6%          1    #......

Your spell library contained the following spells:

 Spells                   Type           Power        Failure   Level  Hunger
 Fireball                 Conj/Fire      ##........   85%         5    ######.
 Conjure Flame            Conj/Fire      ##......     17%         3    ###....
 Throw Flame              Conj/Fire      ##....       9%          2    ###....
 Sticky Flame             Conj/Fire      ##......     50%         4    #####..
 Inner Flame              Hex/Fire       #.......     28%         3    ###....


Dungeon Overview and Level Annotations

Branches:
Dungeon (2/15)

Altars:


Innate Abilities, Weirdness & Mutations

You are resistant to torment.
Your stone body is resilient. (AC +3)
You are immune to poison.
You resist negative energy. (rN+)
You are resistant to electric shocks. (rElec)
You can survive without breathing.
You are immune to petrification.
You are immune to rotting.


Message History

Casting: Flame Tongue (safe; 6% risk of failure)
Confirm with . or Enter, or press ? or * to list all spells.
You can't see any susceptible monsters within range! (Use Z to cast anyway.)
You closely miss something. Something hits you but does no damage.
You closely miss something.
You hear some strange, mumbled words.
A puff of frost appears from out of thin air!
The puff of frost hits you!
You closely miss something. Something hits you but does no damage.
You closely miss something.
You hear some strange, mumbled words.
You hear some strange, mumbled words.
A puff of flame appears from out of thin air!
The puff of flame hits you!
* * * LOW HITPOINT WARNING * * *
Something hits you but does no damage.
You hear some strange, mumbled words.
A puff of frost appears from out of thin air!
The puff of frost hits you!
You die...

▒▒····················▒▒▒▒▒·▒▒
▒·▒▒···············▒·········
▒·▒··▒▒▒▒▒······▒▒▒▒▒▒·······
▒···▒▒ ▒·>····▒ ▒▒▒▒▒▒▒·
▒·▒▒▒▒▒▒▒▒······▒ ▒▒
▒·········▒▒▒·▒▒▒ ▒▒·
▒·▒▒▒▒▒▒▒·····▒▒▒▒▒▒▒ ▒▒▒▒·· ▒·▒
▒▒▒▒········▒▒▒▒···(▒ ▒·▒
▒▒@▒▒▒▒▒▒······▒▒▒▒ ▒·▒ ▒··▒
▒▒▒···▒▒▒▒ ▒▒ ▒·▒
▒▒·▒▒▒▒▒···▒···▒▒▒▒· ▒▒▒▒▒·▒▒
▒········▒▒▒▒▒(····· ▒······▒▒
▒▒·······▒▒ ▒▒····▒ ▒···)▒··▒
▒▒········▒ ▒▒▒·▒▒▒▒ ▒····▒▒·▒
▒▒·········▒▒▒▒▒···▒▒▒▒
▒····▒▒·▒▒▒··▒···················
▒····▒▒^·▒▒·▒▒·············▒▒▒▒▒▒


There were no monsters in sight!

Vanquished Creatures
  An ooze (D:1)
  2 dart slugs (D:1)
  A leopard gecko (D:1)
  An orc (D:2)
  A giant cockroach (D:1)
  3 goblins (D:1)
  2 hobgoblins (D:1)
  4 kobolds (D:1)
  5 bats
  A frilled lizard (D:1)
  3 rats (D:1)
24 creatures vanquished.

Notes
Turn   | Place    | Note
-------+----------+-------------------------------------------
     0 | D:1      | Azzok the Gargoyle Fire Elementalist began the quest for the Orb.
     0 | D:1      | Reached XP level 1. HP: 10/10 MP: 3/3
   150 | D:1      | Reached XP level 2. HP: 15/15 MP: 0/5
   612 | D:1      | Reached XP level 3. HP: 16/19 MP: 0/6
   989 | D:2      | Noticed a dagger
  1037 | D:2      | Noticed a dagger
  1053 | D:1      | Killed from afar by an orc wizard

Skill      XL: |  1  2 |
---------------+-------+-----
Conjurations   | 2 |  2.5
Dodging        | |  1.5
Stealth        | |  2.1
Spellcasting   | |  2.0
Fire Magic     | |  3.7

Action                   || total
-------------------------++-------
Melee: Unarmed           ||    31
 Cast: Flame Tongue      ||    44
Armor: Robe              ||    28
Dodge: Dodged            ||    48
